 Dungeon Crawl Stone Soup version 0.20-a0-1073-g49e0d3e (webtiles) character file.

165 Engwar the Chucker (level 5, -3/54 HPs)
             Began as an Ogre Hunter on Apr 29, 2017.
             Killed from afar by Natasha (6 damage)
             ... with a magic dart
             ... on level 5 of the Dungeon.
             The game lasted 00:21:54 (2535 turns).

Engwar the Chucker (Ogre Hunter)                    Turns: 2535, Time: 00:21:54

Health: -3/54      AC:  4    Str: 17    XL:     5   Next: 46%
Magic:  5/5        EV: 10    Int: 12    God:
Gold:   146        SH:  0    Dex:  9    Spells: 4/4 levels left

rFire    . . .     SeeInvis .   c - +1 whip
rCold    . . .     Gourm    .   (no shield)
rNeg     . . .     Faith    .   b - +0 robe
rPois    .         Spirit   .   (helmet restricted)
rElec    .         Reflect  .   l - +0 cloak
rCorr    .         Harm     .   (gloves unavailable)
MR       .....                  (boots unavailable)
Stlth    +.........             (no amulet)
Regen    0.2/turn               (no ring)
MPRegen  0.1/turn               (no ring)

@: no status effects
A: unfitting armour, tough skin 1
a: no special abilities


You were on level 5 of the Dungeon.
You were not hungry.

You visited 1 branch of the dungeon, and saw 5 of its levels.

You collected 146 gold pieces.

Inventory:

Hand Weapons
 c - a +1 whip (weapon)
Missiles
 a - 52 stones (quivered)
Armour
 b - a +0 robe (worn)
 l - a +0 cloak (worn)
Wands
 k - a wand of random effects (48/48)
Scrolls
 e - 2 scrolls of recharging
 n - 3 scrolls of identify
Potions
 r - a potion of flight
Comestibles
 f - 3 bread rations
 g - 3 chunks of flesh
 i - 3 meat rations
 q - 2 fruits


   Skills:
 + Level 4.2 Fighting
 * Level 2.4 Maces & Flails
 + Level 4.5 Throwing
 - Level 2.5 Dodging
 - Level 1.2 Stealth


You had 4 spell levels left.
You didn't know any spells.

Dungeon Overview and Level Annotations

Branches:
Dungeon (5/15)
 Temple: D:4-7

Altars:

Annotations:
D:3 1 runed door, Grinder
D:4 Blork the orc
D:5 Natasha


Innate Abilities, Weirdness & Mutations

You are too large for most types of armour.
You have tough skin. (AC +1)


Message History

You closely miss Natasha.
Natasha is heavily wounded.
Natasha claws you.
* * * LOW HITPOINT WARNING * * *
You hit Natasha.
Natasha is heavily wounded.
Natasha barely misses you.
You hit Natasha.
Natasha is severely wounded.
Natasha closely misses you.
You hit Natasha.
Natasha is almost dead.
Natasha closely misses you.
Okay, then.
Okay, then.
You closely miss Natasha.
Natasha is almost dead.
Natasha casts a spell at you. The magic dart hits you!
You die...

###
#@#
#h#
.5#
####


You could see Natasha and a crimson imp.

Vanquished Creatures
  Jessica (D:2)
  Natasha (twice) (D:3 D:4)
  3 adders
  2 oozes
  3 worms (D:2)
  3 leopard geckos
  An orc (D:3)
  2 bats
  2 giant cockroaches
  5 goblins
  5 hobgoblins
  A quokka (D:2)
  5 frilled lizards
  9 kobolds
  6 rats
50 creatures vanquished.

Notes
Turn   | Place    | Note
-------+----------+-------------------------------------------
     0 | D:1      | Engwar the Ogre Hunter began the quest for the Orb.
     0 | D:1      | Reached XP level 1. HP: 22/22 MP: 1/1
   181 | D:1      | Reached skill level 1 in Stealth
   185 | D:1      | Reached XP level 2. HP: 29/29 MP: 2/2
  1089 | D:2      | Reached XP level 3. HP: 25/37 MP: 3/3
  1156 | D:2      | Noticed Jessica
  1237 | D:2      | Killed Jessica
  1237 | D:2      | Reached skill level 1 in Maces & Flails
  1237 | D:2      | Reached XP level 4. HP: 11/45 MP: 4/4
  2225 | D:3      | Found a runed door.
  2385 | D:3      | Reached XP level 5. HP: 51/54 MP: 5/5
  2429 | D:3      | Noticed Natasha
  2430 | D:3      | Killed Natasha
  2463 | D:3      | Noticed Grinder
  2467 | D:3      | Noticed Natasha
  2476 | D:3      | Paralysed by Grinder for 3 turns
  2504 | D:4      | Killed Natasha
  2505 | D:4      | Noticed Blork the orc
  2510 | D:4      | Noticed a phantom
  2516 | D:4      | Noticed Natasha
  2528 | D:5      | Entered Level 5 of the Dungeon
  2531 | D:5      | HP: 2/54 [Natasha (4)]
  2535 | D:5      | Killed from afar by Natasha

Vault maps used:
D:1:      minmay_arrival_widening_spiral_wide
D:2:      uniq_jessica
D:3:      yredelemnul_forgotten_temple_becter, uniq_grinder,
          uniq_crazy_yiuf_cottage, uniq_natasha
D:4:      nicolae_gozag_seed_capital, st_stairs_12, uniq_blork_the_orc
D:5:      grunt_temple_overflow_open, temple_fountains, first_bread,
          serial_curves, eino_curves_01, eino_curves_02, uniq_eustachio

Skill      XL: |  1  2  3  4  5 |
---------------+----------------+-----
Dodging        | 2 |  2.5
Stealth        | 1 |  1.2
Fighting       | 3 4 |  4.2
Maces & Flails | 1 2 |  2.4
Throwing       | |  4.5

Action                   |  1- 3 |  4- 6 || total
-------------------------+-------+-------++-------
Melee: Unarmed           |    34 |       ||    34
       Club              |     5 |     6 ||    11
       Whip              |       |    88 ||    88
Throw: Large rock        |    21 |    14 ||    35
       Stone             |    36 |    34 ||    70
       Throwing net      |     2 |     2 ||     4
  Use: Scroll            |       |     9 ||     9
       Potion            |       |     1 ||     1
 Stab: Sleeping          |       |     1 ||     1
  Eat: Chunk             |     1 |     4 ||     5
Armor: Robe              |    16 |    19 ||    35
Dodge: Dodged            |    28 |    50 ||    78
